 Dungeon Crawl Stone Soup version 0.32-a0-921-g04a7ad8e02 (webtiles) character file.

Game seed: 11019505047329332577

21 ballabu the Grave Robber (level 2, -4/19 HPs)
             Began as a Demonspawn Necromancer on Apr 12, 2024.
             Slain by Terence
             ... wielding a +0 mace of holy wrath
              (9 damage)
             ... on level 1 of the Dungeon.
             The game lasted 00:02:04 (1102 turns).

ballabu the Grave Robber (Demonspawn Necromancer)   Turns: 1102, Time: 00:02:04

Health: -4/19      AC:  4    Str:  8    XL:     2   Next: 65%
Magic:  1/5        EV: 11    Int: 15    God:
Gold:   30         SH:  0    Dex: 13    Spells: 4/5 levels left

rFire   . . .        c - +0 dagger
rCold   . . .        (no shield)
rNeg    . . .        a - +0 robe
rPois   .            (no helmet)
rElec   .            (no cloak)
rCorr   .            (no gloves)
SInv    .            (no boots)
Will    .....        (no amulet)
Stlth   ++           (no ring)
HPRegen 0.23/turn    (no ring)
MPRegen 0.09/turn

%: no passive effects
@: no status effects
A: icy blue scales 1
a: no special abilities


You were on level 1 of the Dungeon.
You visited 1 branch of the dungeon, and saw 2 of its levels.

You collected 30 gold pieces.

Inventory:

Hand Weapons
 c - a +0 dagger (weapon)
Armour
 a - a +0 robe (worn)
 f - a +2 scale mail of fire resistance
Scrolls
 d - a scroll of vulnerability {unknown}
 e - a scroll of fog {unknown}
Potions
 b - a potion of magic
 g - a potion of lignification {unknown}


   Skills:
 - Level 1.7 Dodging
 - Level 1.7 Stealth
 + Level 2.3 Spellcasting
 * Level 5.0 Necromancy


You had 4 spell levels left.
You knew the following spells:

 Your Spells              Type           Power      Damage    Failure   Level
a - Necrotise             Necr           64%        1d7       2%          1

Your spell library contained the following spells:

 Spells                   Type           Power      Damage    Failure   Level
 Vampiric Draining        Necr           16%        2d7       9%          3
 Animate Dead             Necr           16%        N/A       26%         4
 Curse of Agony           Necr           16%        N/A       58%         5


Dungeon Overview and Level Annotations

Branches:
Dungeon (2/15)

Altars:

Annotations:
D:1 Terence


Innate Abilities, Weirdness & Mutations

You are partially covered in icy blue scales. (AC +2)


Message History

Found a stone staircase leading up.
There is a stone staircase leading up here.
Casting: Necrotise (safe; 2% risk of failure)
Confirm with . or Enter, or press ? or * to list all spells.
Aiming: Necrotise (safe; 2% risk of failure)
Press: ? - help, Shift-Dir - straight line, f - Terence
Aim: Terence, wielding a +0 mace of holy wrath and wearing a +2 scale mail of willpower (asleep, chance to affect: 49%) Terence shouts!
Terence resists with some effort.
The ball python hisses angrily.
Casting: Necrotise (safe; 2% risk of failure)
Confirm with . or Enter, or press ? or * to list all spells.
Aiming: Necrotise (safe; 2% risk of failure)
Press: ? - help, Shift-Dir - straight line, f/p - Terence
Aim: Terence, wielding a +0 mace of holy wrath and wearing a +2 scale mail of willpower (chance to affect: 49%) Terence resists with some effort.
Terence barely misses you.
You climb upwards.
There is a stone staircase leading down here.
Terence attacks as he pursues you! Terence closely misses you.
Terence attacks as he pursues you!
Terence hits you with a +0 mace of holy wrath.
You convulse.
Casting: Necrotise (safe; 2% risk of failure)
Confirm with . or Enter, or press ? or * to list all spells.
Aiming: Necrotise (safe; 2% risk of failure)
Press: ? - help, Shift-Dir - straight line, f - Terence
Aim: Terence, wielding a +0 mace of holy wrath and wearing a +2 scale mail of willpower (chance to affect: 49%) Terence writhes in agony!
Casting: Necrotise (safe; 2% risk of failure)
Confirm with . or Enter, or press ? or * to list all spells.
Aiming: Necrotise (safe; 2% risk of failure)
Press: ? - help, Shift-Dir - straight line, f/p - Terence
Aim: Terence, wielding a +0 mace of holy wrath and wearing a +2 scale mail of willpower (moderately wounded, chance to affect: 49%) Terence writhes in agony.
Terence hits you with a +0 mace of holy wrath.
* * * LOW HITPOINT WARNING * * *
You convulse!
You die...
Terence says, "Time to find some more victims."

...........####.#
#########.......####
#.......####...#
#####..............#
......†####.####...#
#####.####.#.####.##
#.###.###.###.##
#.##.## ##.....#
#####.##.)###.#.@..#
##....##.#.#.###~@.#
.........##.###≈≈..#
....###..##.##≈≈.≈>#
......#...#.##≈#.≈.##
....###...#.#≈≈#.~≈≈#
..........#.#≈##.#.##
..####...#...≈##≈..##
#.##.........###~≈..#


You could see Terence.

Vanquished Creatures
  3 ball pythons (D:1)
  4 endoplasms (D:1)
  2 giant cockroaches (D:1)
  3 goblins (D:1)
  A hobgoblin (D:1)
  A quokka (D:1)
  A bat (D:1)
  A kobold (D:1)
  2 rats (D:1)
18 creatures vanquished.

Notes
Turn   | Place    | Note
-------+----------+-------------------------------------------
     0 | D:1      | ballabu the Demonspawn Necromancer began the quest for the
                  | Orb.
     0 | D:1      | Reached XP level 1. HP: 13/13 MP: 3/3
   247 | D:1      | Gained mutation: You are partially covered in icy blue
                  | scales. (AC +2) [demonic ancestry]
   247 | D:1      | Reached XP level 2. HP: 7/19 MP: 0/5
   716 | D:1      | Found a faded altar of an unknown god.
   746 | D:1      | Reached skill level 5 in Necromancy
  1093 | D:2      | Noticed Terence
  1102 | D:1      | Slain by Terence

Illustrated notes

Levels and vault maps discovered:
D:1:      erik_arrival_blinker_ship, layout_loops_ring, serial_rivers,
          chequers_serial_rivers_micro_b, chequers_serial_rivers_small_b,
          chequers_serial_rivers_large_b, chequers_serial_rivers_large_a,
          hellmonk_ecumenical_altar_crossroads, roderic_serpentine_path
D:2:      kb_forest_paths, layout_basic, uniq_terence

Skill      XL: |  1  2 |
---------------+-------+-----
Necromancy     | 5 |  5.0
Dodging        | |  1.7
Stealth        | |  1.7
Spellcasting   | |  2.3

Action                     || total
---------------------------++-------
  Melee: Dagger            ||    75
         Unarmed           ||     5
   Cast: Necrotise         ||    15
   Stab: Sleeping          ||     3
 Armour: Robe              ||    42
  Dodge: Dodged            ||    50

Table legend: (Time is in decaauts)
 A = Elapsed time spent in this place.
 B = Non-inter-level travel time spent in this place.
 C = Inter-level travel time spent in this place.
 D = Time resting spent in this place.
 E = Time spent auto-exploring this place.
 F = Levels seen in this place.
 G = Mean time per level.
                   A        B        C        D        E       F      G
               +--------+--------+--------+--------+--------+-----+--------+
         Total |   1139 |   1128 |     11 |     44 |    888 |   2 |  569.5 |
       Dungeon |   1139 |   1128 |     11 |     44 |    888 |   2 |  569.5 |
               +--------+--------+--------+--------+--------+-----+--------+

Top non-repeatable levels by time:
     D:1: 1135 daAuts
     D:2: 3 daAuts
